 Dungeon Crawl Stone Soup version 0.22-a0-570-g58866f5 (webtiles) character file.

109 vierth the Covered (level 4, -2/40 HPs)
             Began as a Minotaur Fighter on June 30, 2018.
             Slain by a gnoll
             ... wielding a +0 vampiric halberd
              (4 damage)
             ... on level 2 of the Dungeon.
             The game lasted 00:02:32 (844 turns).

vierth the Covered (Minotaur Fighter)                Turns: 844, Time: 00:02:33

Health: -2/40      AC:  7    Str: 21    XL:     4   Next: 59%
Magic:  3/3        EV:  7    Int:  5    God:
Gold:   93         SH:  9    Dex: 10    Spells: 3/3 levels left

rFire    . . .     SeeInvis .   a - +0 long sword
rCold    . . .     Gourm    .   c - +0 shield
rNeg     . . .     Faith    .   b - +0 scale mail
rPois    .         Spirit   .   (helmet restricted)
rElec    .         Reflect  .   (no cloak)
rCorr    .         Harm     .   (no gloves)
MR       .....                  (no boots)
Stlth    ..........             (no amulet)
HPRegen  0.13/turn              (no ring)
MPRegen  0.08/turn              (no ring)

@: no status effects
A: retaliatory headbutt, horns 2
a: no special abilities


You were on level 2 of the Dungeon.
You were not hungry.

You visited 1 branch of the dungeon, and saw 2 of its levels.

You collected 93 gold pieces.

Inventory:

Hand Weapons
 a - a +0 long sword (weapon)
Armour
 b - a +0 scale mail (worn)
 c - a +0 shield (worn)
Jewellery
 m - a +2 ring of protection {unknown}
Scrolls
 e - 6 scrolls of identify
 h - a scroll of enchant armour {unknown}
Potions
 d - a potion of might
 g - a potion of magic
 i - a potion of cancellation {unknown}
 j - a potion of heal wounds {unknown}
 k - a potion of agility {unknown}
 l - a potion of curing {unknown}
 n - a potion of haste {unknown}
Comestibles
 f - a ration


   Skills:
 + Level 4.2 Fighting
 * Level 3.9 Long Blades
 * Level 4.7 Armour
 + Level 4.2 Shields


You had 3 spell levels left.
You didn't know any spells.
Your spell library was empty.

Dungeon Overview and Level Annotations

Branches:
Dungeon (2/15)

Altars:
Dithmenos
Gozag
Okawaru
Ru
Xom


Innate Abilities, Weirdness & Mutations

You reflexively headbutt those who attack you in melee.
You have a pair of horns on your head.


Message History

You kill the gnoll!
The gnoll hits you from afar with a vampiric halberd!
You are too injured to fight recklessly!
You are too injured to fight recklessly!
You are too injured to fight recklessly!
You are too injured to fight recklessly!
You are too injured to fight recklessly!
You are too injured to fight recklessly!
You are too injured to fight recklessly!
The gnoll hits you with a vampiric halberd!
* * * LOW HITPOINT WARNING * * *
You hit the gnoll but do no damage. You headbutt the gnoll.
The gnoll is moderately wounded.
The gnoll hits you with a vampiric halberd!
* * * LOW HITPOINT WARNING * * *
The gnoll draws strength from your wounds!
You barely miss the gnoll. The gnoll hits you but does no damage.
You barely miss the gnoll.
The gnoll hits you with a vampiric halberd.
You die...

##### #...# #.g.#
#### ###@..# #..####
##)(...#
###.....#####..##.##
....###.......###.#
.######..###### #.#
###......# #.#
##..####.# #.#
#.)......# ###.#
#.รท......## ###...#


You could see a gnoll.

Vanquished Creatures
  A jelly (D:2)
  Natasha (D:2)
  2 gnolls (D:2)
  2 dart slugs
  2 leopard geckos (D:1)
  2 giant cockroaches (D:2)
  2 hobgoblins (D:1)
  4 jackals
  A kobold (D:2)
  2 ball pythons
  3 bats
  2 frilled lizards (D:1)
  5 goblins
  2 rats (D:1)
31 creatures vanquished.

Notes
Turn   | Place    | Note
-------+----------+-------------------------------------------
     0 | D:1      | vierth the Minotaur Fighter began the quest for the Orb.
     0 | D:1      | Reached XP level 1. HP: 19/19 MP: 0/0
   120 | D:1      | Reached XP level 2. HP: 22/27 MP: 1/1
   455 | D:2      | Found a faded altar of an unknown god.
   494 | D:2      | Noticed Natasha
   499 | D:2      | Killed Natasha
   499 | D:2      | Reached XP level 3. HP: 33/33 MP: 2/2
   525 | D:2      | Reached XP level 4. HP: 31/40 MP: 3/3
   642 | D:2      | Found an iron altar of Okawaru.
   727 | D:2      | Found an opulent altar of Gozag.
   729 | D:2      | Found a shimmering altar of Xom.
   729 | D:2      | Found a sparkling altar of Nemelex Xobeh.
   731 | D:2      | Found a shadowy altar of Dithmenos.
   731 | D:2      | Found a shimmering altar of Xom.
   731 | D:2      | Found a sacrificial altar of Ru.
   842 | D:2      | HP: 1/40 [gnoll/vampiric halberd (8)]
   844 | D:2      | Slain by a gnoll

Vault maps used:
D:1:      minmay_arrival_checkered_box
D:2:      nicolae_overflow_hidden_temple, old_standard_altar,
          doesnt_xom_only_xom, chequers_ecumenical_altar_simple, uniq_natasha

Skill      XL: |  1  2 |
---------------+-------+-----
Armour         | 4 |  4.7
Long Blades    | 3 |  3.9
Fighting       | 4 |  4.2
Shields        | 4 |  4.2

Action                   |  1- 3 |  4- 6 || total
-------------------------+-------+-------++-------
Melee: Long sword        |    52 |    24 ||    76
       Headbutt          |     5 |     7 ||    12
  Use: Scroll            |     2 |       ||     2
Armor: Scale mail        |    17 |    13 ||    30
Dodge: Dodged            |    13 |    12 ||    25
Block: Shield            |    29 |    23 ||    52
       Rpst.: Long sword |     2 |     2 ||     4

Table legend:
 A = Spawn XP
 B = Non-spawn XP
 C = Spawn XP percentage of total XP
 D = Spawn monster count
 E = Non-spawn monster count
 F = Spawn count percentage of total count
 G = Total turns spent on level
                    A         B        C        D         E        F      G
               +---------+---------+-------+---------+---------+-------+---------
         Total |       0 |     156 |   0.0 |       0 |      31 |   0.0 |   844
               +---------+---------+-------+---------+---------+-------+---------
           D:1 |       0 |      30 |   0.0 |       0 |      17 |   0.0 |   454
           D:2 |       0 |     126 |   0.0 |       0 |      14 |   0.0 |   390
               +---------+---------+-------+---------+---------+-------+---------
